MLB
CHICAGO CUBS @ WASHINGTON NATIONALS
05/17/2019
 
TOP OF THE 1ST
Chicago Cubs batting - Pitching for Washington Nationals : RHP Alex Reyes
Pitching: RHP Alex Reyes
Batting: SHB Ehire Adrianza 0-0: Swinging Strike
0-1: Ball
1-1: Ball
2-1: Ball
3-1: Foul Ball, location: 2F
3-2: Foul Ball, location: 2F
3-2: Base on Balls
Batting: RHB Willson Contreras 0-0: Foul Ball, location: 2F
0-1: Foul Ball, location: 2F
0-2: Ball
1-2: Ball
2-2: Strikes out swinging
Batting: LHB Cody Bellinger 0-0: Swinging Strike
0-1: Ball
1-1: Fly out, F8 (Flyball, 8RD, EV 80.0 MPH)
Batting: RHB Justin Upton 0-0: Ball
1-0: Ball
2-0: Called Strike
2-1: Swinging Strike
2-2: Strikes out swinging
Top of the 1st over - 0 runs, 0 hits, 0 errors, 1 left on base; Chicago 0 - Washington 0
BOTTOM OF THE 1ST
Washington Nationals batting - Pitching for Chicago Cubs : RHP Adam Wainwright
Pitching: RHP Adam Wainwright
Batting: RHB Chris Taylor 0-0: SINGLE (Groundball, 56D, EV 96.9 MPH)
Batting: LHB Joe Panik 0-0: Fly out, F8 (Flyball, 8LM, EV 86.3 MPH)
Batting: LHB Andrew Benintendi 0-0: Ball
1-0: Foul Ball, location: 2F
1-1: SINGLE (Line Drive, 7S, EV 103.1 MPH)
Chris Taylor to second
Batting: SHB Aaron Hicks 0-0: Ball
1-0: Ball
2-0: Ball
3-0: Base on Balls
Chris Taylor to third
Andrew Benintendi to second
Batting: LHB Yonder Alonso 0-0: Called Strike
0-1: Ball
1-1: Ball
2-1: Grounds into double play, 4-6-3 (Groundball, 4D, EV 83.1 MPH)
Bottom of the 1st over - 0 runs, 2 hits, 0 errors, 2 left on base; Chicago 0 - Washington 0
TOP OF THE 2ND
Chicago Cubs batting - Pitching for Washington Nationals : RHP Alex Reyes
Batting: RHB Michael A. Taylor 0-0: Called Strike
0-1: Called Strike
0-2: Ball
1-2: Foul Ball, location: 2F
1-2: Strikes out swinging
Batting: LHB Brandon Lowe 0-0: Ball
1-0: Ball
2-0: Called Strike
2-1: Ball
3-1: Base on Balls
Batting: SHB Yoan Moncada 0-0: Ball
1-0: Ball
2-0: Called Strike
2-1: Swinging Strike
2-2: Strikes out swinging
Batting: RHB Stephen Piscotty 0-0: Ball
1-0: Ball
2-0: Ball
3-0: Base on Balls
Brandon Lowe to second
Batting: RHB Adam Wainwright 0-0: SINGLE (Groundball, 34D, EV 97.5 MPH)
Brandon Lowe to third
Stephen Piscotty to second
Batting: SHB Ehire Adrianza 0-0: Called Strike
0-1: Called Strike
0-2: Strikes out swinging
Top of the 2nd over - 0 runs, 1 hit, 0 errors, 3 left on base; Chicago 0 - Washington 0
BOTTOM OF THE 2ND
Washington Nationals batting - Pitching for Chicago Cubs : RHP Adam Wainwright
Batting: RHB Austin Barnes 0-0: Ball
1-0: Foul Ball, location: 2F
1-1: Ball
2-1: SINGLE (Groundball, 6D, EV 104.4 MPH)
Batting: RHB Jose Pirela 0-0: Ball
1-0: Swinging Strike
Austin Barnes is caught stealing 2nd base 2-4
1-1: SINGLE (Line Drive, 89S, EV 108.8 MPH)
Batting: RHB Daniel Robertson 0-0: Called Strike
0-1: Foul Ball, location: 2F
0-2: Strikes out looking
Batting: RHB Alex Reyes 0-0: Called Strike
0-1: Foul Ball, location: 2F
0-2: Foul Ball, location: 2F
0-2: Ball
1-2: Foul Ball, location: 2F
1-2: Ball
2-2: TRIPLE (Flyball, 9LD, EV 110.6 MPH)
Jose Pirela scores
Batting: RHB Chris Taylor 0-0: Ball
1-0: Foul Ball, location: 2F
1-1: Ball
2-1: Fly out, F8 (Flyball, 89M, EV 88.8 MPH)
Bottom of the 2nd over - 1 run, 3 hits, 0 errors, 1 left on base; Chicago 0 - Washington 1
TOP OF THE 3RD
Chicago Cubs batting - Pitching for Washington Nationals : RHP Alex Reyes
Batting: RHB Willson Contreras 0-0: Ball
1-0: Foul Ball, location: 2F
1-1: Foul Ball, location: 2F
1-2: Ball
2-2: Strikes out swinging
Batting: LHB Cody Bellinger 0-0: Ball
1-0: Called Strike
1-1: Ball
2-1: Foul Ball, location: 2F
2-2: Ball
3-2: Strikes out swinging
Batting: RHB Justin Upton 0-0: Called Strike
0-1: Foul Ball, location: 2F
0-2: Ball
1-2: Foul Ball, location: 2F
1-2: Strikes out swinging
Top of the 3rd over - 0 runs, 0 hits, 0 errors, 0 left on base; Chicago 0 - Washington 1
BOTTOM OF THE 3RD
Washington Nationals batting - Pitching for Chicago Cubs : RHP Adam Wainwright
Batting: LHB Joe Panik 0-0: Ball
1-0: Ball
2-0: Fly out, F8 (Flyball, 78D, EV 106.9 MPH)
Batting: LHB Andrew Benintendi 0-0: Ball
1-0: Swinging Strike
1-1: Foul Ball, location: 2F
1-2: Foul Ball, location: 2F
1-2: Foul Ball, location: 2F
1-2: Fly out, F6 (Popup, 6, EV 75.6 MPH)
Batting: SHB Aaron Hicks 0-0: Called Strike
0-1: Ground out 1-3 (Groundball, P, EV 78.1 MPH)
Bottom of the 3rd over - 0 runs, 0 hits, 0 errors, 0 left on base; Chicago 0 - Washington 1
TOP OF THE 4TH
Chicago Cubs batting - Pitching for Washington Nationals : RHP Alex Reyes
Batting: RHB Michael A. Taylor 0-0: Ball
1-0: Called Strike
1-1: Ball
2-1: Foul Ball, location: 2F
2-2: Foul Ball, location: 2F
2-2: Foul Ball, location: 2F
2-2: Strikes out swinging
Batting: LHB Brandon Lowe 0-0: Ball
1-0: Foul Ball, location: 2F
1-1: Ball
2-1: Ball
3-1: Base on Balls
Batting: SHB Yoan Moncada 0-0: Ball
1-0: Ball
Wild Pitch!
Brandon Lowe to second
2-0: Ball
3-0: Base on Balls
Batting: RHB Stephen Piscotty 0-0: Ball
1-0: Swinging Strike
1-1: Ball
2-1: Ball
3-1: Base on Balls
Brandon Lowe to third
Yoan Moncada to second
Batting: RHB Adam Wainwright 0-0: Grounds into double play, 6-2-3 (Groundball, 6, EV 93.8 MPH)
Top of the 4th over - 0 runs, 0 hits, 0 errors, 2 left on base; Chicago 0 - Washington 1
BOTTOM OF THE 4TH
Washington Nationals batting - Pitching for Chicago Cubs : RHP Adam Wainwright
Batting: LHB Yonder Alonso 0-0: Ball
1-0: Ball
2-0: Ball
3-0: Called Strike
3-1: Foul Ball, location: 2F
3-2: Foul Ball, location: 2F
3-2: Base on Balls
Batting: RHB Austin Barnes 0-0: Called Strike
0-1: Foul Ball, location: 2F
0-2: Ball
1-2: Grounds into double play, 6-4-3 (Groundball, 6, EV 106.3 MPH)
Batting: RHB Jose Pirela 0-0: Called Strike
0-1: Foul Ball, location: 2F
0-2: Ball
1-2: Strikes out swinging, 2-3 out at first.
Bottom of the 4th over - 0 runs, 0 hits, 0 errors, 0 left on base; Chicago 0 - Washington 1
TOP OF THE 5TH
Chicago Cubs batting - Pitching for Washington Nationals : RHP Alex Reyes
Batting: SHB Ehire Adrianza 0-0: Ball
1-0: Ball
2-0: Foul Ball, location: 2F
2-1: Swinging Strike
2-2: Strikes out looking
Batting: RHB Willson Contreras 0-0: Ball
1-0: Called Strike
1-1: Swinging Strike
1-2: Foul Ball, location: 2F
1-2: Strikes out looking
Batting: LHB Cody Bellinger 0-0: Swinging Strike
0-1: Foul Ball, location: 2F
0-2: Fly out, F8 (Line Drive, 8RM, EV 97.5 MPH)
Top of the 5th over - 0 runs, 0 hits, 0 errors, 0 left on base; Chicago 0 - Washington 1
BOTTOM OF THE 5TH
Washington Nationals batting - Pitching for Chicago Cubs : RHP Adam Wainwright
Batting: RHB Daniel Robertson 0-0: Called Strike
0-1: Ball
1-1: Ball
2-1: Bunt for hit to 25 - play at first, batter safe!
Batting: RHB Alex Reyes 0-0: Sac Bunt to 25 - play at first, batter OUT! 5-4
Daniel Robertson to second
Batting: RHB Chris Taylor 0-0: Called Strike
0-1: Ground out 5-3 (Groundball, 56S, EV 86.3 MPH)
Batting: LHB Joe Panik 0-0: Ball
1-0: Called Strike
1-1: Swinging Strike
1-2: Ground out 4-3 (Groundball, 4, EV 83.8 MPH)
Bottom of the 5th over - 0 runs, 1 hit, 0 errors, 1 left on base; Chicago 0 - Washington 1
TOP OF THE 6TH
Chicago Cubs batting - Pitching for Washington Nationals : RHP Alex Reyes
Batting: RHB Justin Upton 0-0: Foul Ball, location: 2F
0-1: Ball
1-1: Called Strike
1-2: Ball
2-2: Ball
3-2: Strikes out swinging
Pitching: RHP Bud Norris
Batting: RHB Michael A. Taylor 0-0: Foul Ball, location: 2F
0-1: SOLO HOME RUN (Flyball, 7D, EV 100.6 MPH), Distance : 375 ft
Batting: LHB Brandon Lowe 0-0: Foul Ball, location: 2F
0-1: Ball
1-1: Swinging Strike
1-2: Ball
2-2: Strikes out swinging
Batting: SHB Yoan Moncada 0-0: Swinging Strike
0-1: Called Strike
0-2: Ball
1-2: Ball
2-2: Strikes out swinging
Top of the 6th over - 1 run, 1 hit, 0 errors, 0 left on base; Chicago 1 - Washington 1
BOTTOM OF THE 6TH
Washington Nationals batting - Pitching for Chicago Cubs : RHP Adam Wainwright
Batting: LHB Andrew Benintendi 0-0: Ball
1-0: Fly out, F9 (Line Drive, 9LS, EV 100.0 MPH)
Batting: SHB Aaron Hicks 0-0: Called Strike
0-1: Ground out 4-3 (Groundball, 34D, EV 103.8 MPH)
Batting: LHB Yonder Alonso 0-0: Ball
1-0: Ground out 6-3 (Groundball, 6M, EV 110.0 MPH)
Bottom of the 6th over - 0 runs, 0 hits, 0 errors, 0 left on base; Chicago 1 - Washington 1
TOP OF THE 7TH
Chicago Cubs batting - Pitching for Washington Nationals : RHP Bud Norris
Pitching: RHP Kyle Crick
Batting: RHB Stephen Piscotty 0-0: Foul Ball, location: 2F
0-1: Foul Ball, location: 2F
0-2: Ball
1-2: Foul Ball, location: 2F
1-2: Strikes out swinging
Batting: RHB Adam Wainwright 0-0: SINGLE (Line Drive, 6D, EV 101.3 MPH)
Batting: SHB Ehire Adrianza 0-0: Called Strike
0-1: Ball
1-1: Called Strike
1-2: Ball
2-2: Ball
3-2: Strikes out swinging
Batting: RHB Willson Contreras 0-0: Ball
1-0: Ball
2-0: Called Strike
2-1: Ball
Wild Pitch!
Adam Wainwright to second
3-1: Base on Balls
Batting: LHB Cody Bellinger 0-0: Foul Ball, location: 2F
0-1: Fly out, F9 (Flyball, 9D, EV 101.3 MPH)
Top of the 7th over - 0 runs, 1 hit, 0 errors, 2 left on base; Chicago 1 - Washington 1
BOTTOM OF THE 7TH
Washington Nationals batting - Pitching for Chicago Cubs : RHP Adam Wainwright
Batting: RHB Austin Barnes 0-0: Foul Ball, location: 2F
0-1: Ball
1-1: Ball
2-1: Reached on error, E6 (Groundball, 6, EV 108.8 MPH)
Batting: RHB Jose Pirela 0-0: Called Strike
0-1: Ball
1-1: Ball
2-1: 2-RUN HOME RUN (Flyball, 7LD, EV 99.4 MPH), Distance : 345 ft
Batting: RHB Daniel Robertson 0-0: Foul Ball, location: 2F
0-1: Ball
1-1: Called Strike
1-2: Foul Ball, location: 2F
1-2: Ball
2-2: Ball
3-2: Fly out, F7 (Flyball, 7LS, EV 92.5 MPH)
Pinch Hitting: RHB Yulieski Gurriel 0-0: Ball
1-0: SINGLE (Flyball, 8LS, EV 93.1 MPH)
Pitching: RHP Zach McAllister
Batting: RHB Chris Taylor 0-0: Called Strike
Yulieski Gurriel is caught stealing 2nd base 2-4
0-1: Foul Ball, location: 2F
0-2: Ball
1-2: Ball
2-2: Ball
3-2: SINGLE (Line Drive, 56D, EV 105.6 MPH)
Batting: LHB Joe Panik 0-0: Ball
1-0: Ball
2-0: SINGLE (Groundball, P, EV 71.9 MPH) (infield hit)
Chris Taylor to second
Batting: LHB Andrew Benintendi 0-0: Fielders Choice at 2nd, 6-4 (Groundball, 6, EV 100.0 MPH)
Bottom of the 7th over - 2 runs, 4 hits, 1 error, 2 left on base; Chicago 1 - Washington 3
TOP OF THE 8TH
Chicago Cubs batting - Pitching for Washington Nationals : RHP Kyle Crick
Pitching: RHP Joakim Soria
Batting: RHB Justin Upton 0-0: Called Strike
0-1: Swinging Strike
0-2: Strikes out swinging, 2-3 out at first.
Batting: RHB Michael A. Taylor 0-0: Called Strike
0-1: Foul Ball, location: 2F
0-2: Strikes out swinging
Batting: LHB Brandon Lowe 0-0: Swinging Strike
0-1: Ball
1-1: Foul Ball, location: 2F
1-2: Ground out 6-3 (Groundball, 6, EV 95.6 MPH)
Top of the 8th over - 0 runs, 0 hits, 0 errors, 0 left on base; Chicago 1 - Washington 3
BOTTOM OF THE 8TH
Washington Nationals batting - Pitching for Chicago Cubs : RHP Zach McAllister
Batting: SHB Aaron Hicks 0-0: Ball
1-0: Called Strike
1-1: Foul Ball, location: 2F
1-2: Ball
2-2: SINGLE (Groundball, 4, EV 98.1 MPH) (infield hit)
Batting: LHB Yonder Alonso 0-0: Fly out, F9 (Flyball, 9S, EV 91.3 MPH)
Batting: RHB Austin Barnes 0-0: Ball
1-0: SINGLE (Groundball, 34D, EV 102.5 MPH)
Aaron Hicks to second
Batting: RHB Jose Pirela 0-0: Called Strike
0-1: Ball
1-1: Foul Ball, location: 2F
1-2: Grounds into double play, 4-6-3 (Groundball, 4, EV 80.6 MPH)
Bottom of the 8th over - 0 runs, 2 hits, 0 errors, 1 left on base; Chicago 1 - Washington 3
TOP OF THE 9TH
Chicago Cubs batting - Pitching for Washington Nationals : RHP Joakim Soria
Pitching: LHP Wade Miley
Batting: SHB Yoan Moncada 0-0: Ball
1-0: Foul Ball, location: 2F
1-1: Ball
2-1: Ball
3-1: Foul Ball, location: 2F
3-2: Foul Ball, location: 2F
3-2: Base on Balls
Batting: RHB Stephen Piscotty 0-0: Ball
1-0: Called Strike
1-1: Ball
2-1: Foul Ball, location: 2F
2-2: Foul Ball, location: 2F
2-2: Strikes out swinging
Pinch Hitting: RHB Paul DeJong 0-0: Foul Ball, location: 2F
0-1: Fly out, F6 (Line Drive, 6, EV 71.9 MPH)
Pinch Hitting: RHB Jedd Gyorko 0-0: Ball
1-0: Foul Ball, location: 2F
1-1: Foul Ball, location: 2F
1-2: Ball
2-2: Foul Ball, location: 2F
2-2: Ball
3-2: SINGLE (Groundball, 6MD, EV 93.8 MPH)
Yoan Moncada to second
Yoan Moncada to third
Batting: RHB Willson Contreras 0-0: Foul Ball, location: 2F
0-1: Ball
1-1: Foul Ball, location: 2F
1-2: Foul Ball, location: 2F
1-2: Fly out, F7 (Flyball, 78D, EV 101.3 MPH)
Top of the 9th over - 0 runs, 1 hit, 0 errors, 2 left on base; Chicago 1 - Washington 3
Monday, August 19th, 2019 - OOTP Baseball 20.6 Build 54